 Seeded DCSS version 0.28.0-53-g5a82cb258f (webtiles) character file.

Game seed: 123456789 (custom seed)

52 Kazon the Skirmisher (level 3, 0/34 HPs)
             Began as a Naga Fighter on July 21, 2022.
             Slain by a goblin
             ... wielding a +0 club
             ... led by Robin
              (1 damage)
             ... on level 2 of the Dungeon.
             The game lasted 00:03:37 (877 turns).

Kazon the Skirmisher (Naga Fighter)                  Turns: 877, Time: 00:03:39

Health: 0/34       AC:  4    Str: 20    XL:     3   Next: 85%
Magic:  3/3        EV:  7    Int:  8    God:
Gold:   27         SH:  4    Dex: 10    Spells: 2/2 levels left

rFire   . . .      SeeInvis +   a - +0 flail
rCold   . . .      Faith    .   c - +0 buckler
rNeg    . . .      Spirit   .   b - +0 scale mail
rPois   +          Reflect  .   (no helmet)
rElec   .          Harm     .   (no cloak)
rCorr   .          Rampage  .   (no gloves)
Will    .....                   (no barding)
Stlth   ..........              (no amulet)
HPRegen 0.11/turn               (no ring)
MPRegen 0.08/turn               (no ring)

@: hasted, quick
A: AC +1, large, see invisible, deformed body, poison resistance, slowness 2,
spit poison 1, naga tail 1
a: Spit Poison


You were on level 2 of the Dungeon.
You visited 1 branch of the dungeon, and saw 2 of its levels.

You collected 27 gold pieces.

Inventory:

Hand Weapons
 a - a +0 flail (weapon)
Missiles
 f - 2 stones
 h - 18 bolts
Armour
 b - a +0 scale mail (worn)
 c - a +0 buckler (worn)
Scrolls
 g - a scroll of identify {unknown}
 i - a scroll of magic mapping {unknown}
Potions
 d - a potion of might


   Skills:
 + Level 3.3 Fighting
 + Level 2.9 Maces & Flails
 + Level 2.8 Armour
 + Level 2.7 Shields


You had 2 spell levels left.
You didn't know any spells.
Your spell library contained the following spells:

 Spells                   Type           Power      Damage    Failure   Level
 Animate Skeleton         Necr           0%         N/A       83%         1
 Pain                     Necr           0%         1d4       83%         1
 Tukima's Dance           Hex            0%         N/A       99%         3
 Vampiric Draining        Necr           0%         2d6       99%         3
 Anguish                  Hex/Necr       0%         N/A       100%        4
 Enfeeble                 Hex            0%         N/A       100%        7


Dungeon Overview and Level Annotations

Branches:
Dungeon (1/15)

Altars:


Innate Abilities, Weirdness & Mutations

Your serpentine skin is tough. (AC +1)
You have supernaturally acute eyesight. (SInv)
Armour fits poorly on your strangely shaped body.
Your system is resistant to poisons. (rPois)
You cover ground very slowly.
You can spit poison.
You have a snake-like lower body.


Message History

Items here: )) [[ ††.
The ball python bites you but does no damage.
The goblin no longer looks unusually strong.
You sock the ball python!
You kill the ball python!
You miss the goblin. The goblin hits you with a +0 club.
* * * LOW HITPOINT WARNING * * *
A goblin comes into view. It is wielding a +0 club.
You barely miss the goblin. The goblin completely misses you.
You hit the goblin.
The goblin is almost dead.
The goblin hits you with a +0 club.
* * * LOW HITPOINT WARNING * * *
You block the goblin's attack.
You hit the goblin but do no damage.
The goblin is almost dead.
The goblin hits you but does no damage.
Aiming: Spit Poison (2% risk of failure)
Press: ? - help, Shift-Dir - straight line, f - goblin
Aim: a goblin, wielding a +0 club (almost dead, 50% to hit)
The splash of poison misses the goblin. x2; The goblin barely misses you.
You closely miss the goblin.
The goblin is almost dead.
The goblin closely misses you.
You hit the goblin.
You kill the goblin!
The goblin hits you with a +0 club.
* * * LOW HITPOINT WARNING * * *
You hit the goblin.
The goblin is heavily wounded.
The goblin hits you with a +0 club.
* * * LOW HITPOINT WARNING * * *
You barely miss the goblin.
The goblin is heavily wounded.
You have got your breath back.
The goblin hits you with a +0 club.
* * * LOW HITPOINT WARNING * * *
It was a potion of haste.
You feel yourself speed up. The goblin hits you with a +0 club.
You die...

#. #.# #.# #..
#.#
#+##g############
#.##...[.........
#.##....g.......g
#@##)############
#g##.#
#)##.#######
#..........#
#####......####
+.....†...#
##......##.#
#.####### .#
#....# .#


You could see a goblin.

Vanquished Creatures
  Robin (D:2)
  A worm (D:2)
  A dart slug (D:1)
  3 bats (D:1)
  4 endoplasms
  2 giant cockroaches (D:1)
  5 goblins
  2 hobgoblins (D:1)
  2 jackals (D:1)
  2 kobolds (D:1)
  2 quokkas (D:1)
  2 ball pythons
  2 frilled lizards (D:1)
  3 rats (D:1)
32 creatures vanquished.

Notes
Turn   | Place    | Note
-------+----------+-------------------------------------------
     0 | D:1      | Kazon the Naga Fighter began the quest for the Orb.
     0 | D:1      | Reached XP level 1. HP: 21/21 MP: 1/1
   126 | D:1      | Found a faded altar of an unknown god.
   149 | D:1      | Reached XP level 2. HP: 21/28 MP: 2/2
   664 | D:1      | Reached XP level 3. HP: 31/34 MP: 3/3
   792 | D:1      | You fall into a shaft and drop 1 floor!
   839 | D:2      | Noticed Robin
   859 | D:2      | Killed Robin
   876 | D:2      | HP: 1/34 [goblin/+0 club[Robin] (2)]
   877 | D:2      | Slain by a goblin

Illustrated notes

Levels and vault maps discovered:
D:1:      co_arrival_random_square_maze, layout_loops_cross,
          ebering_ecumenical_altar_petrified
D:2:      layout_basic, uniq_sigmund, uniq_crazy_yiuf_cottage, uniq_robin

Action                   || total
-------------------------++-------
Melee: Flail             ||    87
 Abil: Spit Poison       ||    14
  Use: Potion            ||     1
Armor: Scale mail        ||    37
Dodge: Dodged            ||    35
Block: Buckler           ||    17
